 Dungeon Crawl Stone Soup version 0.24-a0-264-gf46a388 (webtiles) character file.

Game seed: 9983636676965217991

1119 MatthieuS the Cruncher (level 8, -4/73 HPs)
             Began as a Minotaur Gladiator on Apr 20, 2019.
             Was a Follower of Ashenzari.
             Killed by divine providence
             ... invoked by an orc priest
              (12 damage)
             ... on level 6 of the Dungeon.
             The game lasted 00:09:03 (3918 turns).

MatthieuS the Cruncher (Minotaur Gladiator)         Turns: 3918, Time: 00:09:04

Health: -4/73      AC:  6    Str: 21    XL:     8   Next: 12%
Magic:  7/7        EV: 12    Int:  5    God:    Ashenzari [*.....]
Gold:   236        SH:  0    Dex: 12    Spells: 7/7 levels left

rFire    . . .     SeeInvis .   a - +0 quarterstaff (curse)
rCold    . . .     Gourm    +   (shield currently unavailable)
rNeg     + . .     Faith    .   v - +0 ring mail
rPois    .         Spirit   .   c - +0 hat
rElec    .         Reflect  .   (no cloak)
rCorr    .         Harm     .   (no gloves)
MR       .....                  i - +0 pair of boots
Stlth    +.........             h - amulet of the gourmand
HPRegen  0.22/turn              l - ring of positive energy
MPRegen  0.10/turn              b - +2 ring of slaying

@: no status effects
A: retaliatory headbutt, horns 2
a: Curse Item, Scrying, Renounce Religion


You were on level 6 of the Dungeon.
You worshipped Ashenzari.
Ashenzari was aware of your devotion.
You were very full.

You visited 1 branch of the dungeon, and saw 6 of its levels.

You collected 236 gold pieces.

Inventory:

Hand Weapons
 a - a cursed +0 quarterstaff (weapon)
 s - a +3 dagger of electrocution
   (You took it off a goblin on level 3 of the Dungeon)
Missiles
 d - 3 throwing nets (quivered) {!f}
Armour
 c - a +0 hat (worn)
 i - a +0 pair of boots (worn)
   (You found it on level 1 of the Dungeon)
 n - a cursed +0 cloak
   (You found it on level 4 of the Dungeon)
 v - a +0 ring mail (worn)
   (You found it on level 4 of the Dungeon)
Jewellery
 b - a +2 ring of slaying (right hand)
   (You found it on level 5 of the Dungeon)
 h - an amulet of the gourmand (around neck)
   (You found it on level 1 of the Dungeon)
 l - a ring of positive energy (left hand)
   (You found it on level 2 of the Dungeon)
Wands
 u - a wand of paralysis (11)
   (You found it on level 5 of the Dungeon)
 w - a wand of polymorph (11)
   (You found it on level 4 of the Dungeon)
Scrolls
 f - 2 scrolls of remove curse {@r2}
 g - a scroll of identify {@r1}
 k - 2 scrolls of immolation {!r}
 m - a scroll of teleportation {unknown}
 o - a scroll of amnesia
 q - a scroll of enchant weapon {unknown}
 A - 2 scrolls of noise {unknown}
Potions
 j - a potion of might
 p - a potion of heal wounds {unknown}
 r - 2 potions of haste {@q3}
 t - a potion of flight {unknown}
 x - a potion of agility {unknown}
 y - a potion of lignification {unknown}
Comestibles
 e - 6 rations
 z - 9 chunks of flesh


   Skills:
 + Level 7.0 Fighting
 * Level 10.0 Staves
 - Level 2.0 Throwing
 - Level 3.2 Dodging


You had 7 spell levels left.
You didn't know any spells.
Your spell library was empty.

Dungeon Overview and Level Annotations

Branches:
Dungeon (6/15)             Temple (0/1) D:4

Altars:
Ashenzari
Dithmenos
Hepliaklqana
Nemelex Xobeh
Okawaru
Sif Muna
Yredelemnul
The Shining One


Innate Abilities, Weirdness & Mutations

You reflexively headbutt those who attack you in melee.
You have a pair of horns on your head.


Message History

You sock the bullfrog!
You kill the bullfrog!
Your Fighting skill increases to level 7!
Your Staves skill increases to level 10!
An iguana comes into view.
A howler monkey comes into view.
The howler monkey howls!
The orc warrior barely misses you.
Items here: )) [[ † a +0 club; a +0 ring mail; a +5 short sword of freezing; a +0 robe a bullfrog corpse A wight comes into view.
It is wielding a +0 dire flail.
The orc warrior barely misses you.
The orc priest miscasts a cantrip.
You closely miss the orc warrior. Your headbutt misses the orc warrior.
A wight comes into view. It is wielding a -2 hand axe.
The orc priest invokes the aid of Beogh against you.
Beogh smites you!
The orc warrior hits you with a +0 trident!
You sock the orc warrior!
You headbutt the orc warrior, but do no damage.
The orc priest calls upon Beogh to heal the orc warrior.
The orc warrior is healed somewhat.
You hit the orc warrior.
The orc warrior hits you with a +0 trident.
You hit the orc warrior but do no damage.
You headbutt the orc warrior, but do no damage.
The orc warrior hits you with a +0 trident.
* * * LOW HITPOINT WARNING * * *
You barely miss the orc warrior. You headbutt the orc warrior.
The orc priest miscasts a cantrip.
You hit the orc warrior but do no damage.
The orc warrior hits you with a +0 trident!
* * * LOW HITPOINT WARNING * * *
You hit the orc warrior but do no damage.
The orc priest looks braver for a moment.
The orc warrior hits you with a +0 trident!
* * * LOW HITPOINT WARNING * * *
The orc warrior hits you from afar with a +0 trident!
* * * LOW HITPOINT WARNING * * *
Items here: )) [[ † a +0 club; a +0 ring mail; a +5 short sword of freezing; a +0 robe a bullfrog corpse
Okay, then.
The orc priest calls upon Beogh to heal the orc warrior.
The orc warrior is healed somewhat.
An adder zombie comes into view.
The orc priest mumbles some strange prayers to Beogh against you.
Beogh smites you!
You die...

#)# #..#
#.####S#####..#
#......o...o..#
######.#####.##
###.# #Z# #...#
#.####.## #.###
#o....... # #.#
#.####.## #.#.#
##@###..# #...##
##...##.#
#.###.####........
#. ##........##.#
# .. #....<...##.#
... ##
#.#####..##.###..#
#..# #.........>#
[.#.#
##.##.####....
#.##.######<##.# .


You could see an orc warrior, an orc priest and an adder zombie.

Vanquished Creatures
  Grinder (D:4)
  Eustachio (D:5)
  2 ice beasts
  A phantom (D:4)
  A bullfrog (D:6)
  A water moccasin skeleton (D:4)
  A wight (D:6)
  A howler monkey (D:5)
  An orc wizard (D:3)
  An orc priest (D:6)
  A bullfrog skeleton (D:4)
  A jelly (D:6)
  3 worker ants
  A worker ant zombie (D:6)
  2 adders (D:2)
  A shadow imp (D:5)
  An ooze (D:3)
  2 dart slugs (D:1)
  4 leopard geckos
  12 orcs
  3 ball pythons (D:1)
  6 bats
  2 giant cockroaches (D:2)
  3 hobgoblins
  6 jackals
  4 quokkas
  A ball python skeleton (D:4)
  A frilled lizard (D:2)
  9 goblins
  6 kobolds
  A quokka skeleton (D:4)
  4 rats
85 creatures vanquished.

Notes
Turn   | Place    | Note
-------+----------+-------------------------------------------
     0 | D:1      | MatthieuS the Minotaur Gladiator began the quest for the
                  | Orb.
     0 | D:1      | Reached XP level 1. HP: 18/18 MP: 0/0
    34 | D:1      | Reached skill level 4 in Staves
   241 | D:1      | Reached XP level 2. HP: 24/25 MP: 1/1
   815 | D:2      | Reached XP level 3. HP: 31/31 MP: 2/2
   982 | D:2      | Reached skill level 5 in Staves
  1226 | D:2      | Found a shattered altar of Ashenzari.
  1289 | D:2      | Became a worshipper of Ashenzari the Shackled
  1435 | D:2      | Found a shadowy altar of Dithmenos.
  1560 | D:3      | Reached XP level 4. HP: 34/40 MP: 3/3
  1708 | D:3      | Found a basalt altar of Yredelemnul.
  1959 | D:3      | Found a sparkling altar of Nemelex Xobeh.
  1963 | D:3      | Found a glowing golden altar of the Shining One.
  1963 | D:3      | Found a hazy altar of Hepliaklqana.
  1995 | D:3      | Noticed an ice beast
  2005 | D:3      | Killed an ice beast
  2005 | D:3      | Reached skill level 6 in Staves
  2005 | D:3      | Reached XP level 5. HP: 14/47 MP: 4/4
  2722 | D:4      | Reached * piety under Ashenzari
  2752 | D:4      | Found a staircase to the Ecumenical Temple.
  2765 | D:4      | Reached skill level 7 in Staves
  2813 | D:4      | Reached XP level 6. HP: 51/53 MP: 5/5
  2837 | D:4      | Noticed Grinder
  2842 | D:4      | Paralysed by Grinder for 3 turns
  2848 | D:4      | Killed Grinder
  2848 | D:4      | Reached skill level 5 in Fighting
  2848 | D:4      | Reached skill level 8 in Staves
  2848 | D:4      | Reached XP level 7. HP: 53/61 MP: 6/6
  3010 | D:4      | Found a deep blue altar of Sif Muna.
  3062 | D:5      | Entered Level 5 of the Dungeon
  3194 | D:5      | Found an iron altar of Okawaru.
  3380 | D:5      | Noticed Eustachio
  3410 | D:5      | Killed Eustachio
  3410 | D:5      | Reached skill level 9 in Staves
  3771 | D:6      | Reached XP level 8. HP: 56/71 MP: 7/7
  3896 | D:6      | Reached skill level 10 in Staves
  3918 | D:6      | Killed from afar by an orc priest

Levels and vault maps discovered:
D:1:      dpeg_arrival_line_fractal, layout_loops_ring, minmay_tripent
D:2:      layout_basic, lemuel_coloured_pillars_altar,
          grunt_dithmenos_smoke_and_mirrors, first_ration
D:3:      layout_basic, gammafunk_temple_overflow_forgotten, lemuel_doored_altar
D:4:      layout_rooms, kennysheep_little_box, minmay_temple_entry_stoned_glass,
          minivault_4, uniq_grinder
D:5:      layout_basic, okawaru_gym_becter, uniq_eustachio
D:6:      layout_loops_ring, ebering_ghost_sewer_f

Skill      XL: |  1  2  3  4  5  6  7  8 |
---------------+-------------------------+-----
Staves         | 4 5 6 7 8 9 10 | 10.0
Fighting       | 3 4 5 6 7 |  7.0
Throwing       | |  2.0
Dodging        | |  3.2

Action                   |  1- 3 |  4- 6 |  7- 9 || total
-------------------------+-------+-------+-------++-------
Melee: Quarterstaff      |    71 |    56 |    84 ||   211
       Headbutt          |     6 |    10 |    15 ||    31
Invok: Curse Item        |       |     1 |       ||     1
  Use: Scroll            |     4 |       |       ||     4
       Potion            |       |     1 |     1 ||     2
  Eat: Chunk             |    13 |     4 |     3 ||    20
Armor: Leather armour    |    21 |    12 |       ||    33
       Ring mail         |       |     2 |    43 ||    45
Dodge: Dodged            |    41 |    43 |    64 ||   148

Table legend:
 A = Non-vault XP
 B = Vault XP
 C = Vault XP percentage of total XP
 D = Non-vault monster count
 E = Vault monster count
 F = Vault count percentage of total count
                 A         B        C        D         E       F
            +---------+---------+-------+---------+---------+-------
      Total |    1102 |     497 |  31.1 |      81 |       4 |   4.7
            +---------+---------+-------+---------+---------+-------
        D:1 |      25 |       5 |  16.7 |      14 |       2 |  12.5
        D:2 |      49 |       0 |   0.0 |      16 |       0 |   0.0
        D:3 |     223 |       0 |   0.0 |      24 |       0 |   0.0
        D:4 |     275 |     290 |  51.3 |      10 |       1 |   9.1
        D:5 |      66 |     202 |  75.4 |       2 |       1 |  33.3
        D:6 |     464 |       0 |   0.0 |      15 |       0 |   0.0
            +---------+---------+-------+---------+---------+-------
